 Dungeon Crawl Stone Soup version 0.29-a0-1027-gcd8c55af63 (webtiles) character file.

Game seed: 11306610355354681260

14 27heaven the Gusty (level 2, -1/25 HPs)
             Began as a Hill Orc Air Elementalist on Aug 11, 2022.
             Slain by a kobold
             ... wielding a +2 dagger of venom
              (2 damage)
             ... on level 1 of the Dungeon on Aug 12, 2022.
             The game lasted 00:04:05 (817 turns).

27heaven the Gusty (Hill Orc Air Elementalist)       Turns: 817, Time: 00:04:05

Health: -1/25      AC:  2    Str: 10    XL:     2   Next: 41%
Magic:  1/4        EV: 12    Int: 15    God:
Gold:   28         SH:  0    Dex: 11    Spells: 3/4 levels left

rFire   . . .      SeeInvis .   (no weapon)
rCold   . . .      Faith    .   (no shield)
rNeg    . . .      Spirit   .   a - +0 robe
rPois   .          Reflect  .   (no helmet)
rElec   .          Harm     .   (no cloak)
rCorr   .          Rampage  .   (no gloves)
Will    .....                   (no boots)
Stlth   ++........              (no amulet)
HPRegen 0.08/turn               (no ring)
MPRegen 0.09/turn               (no ring)

@: lethally poisoned (-1 -> -10)
A: no striking features
a: no special abilities


You were on level 1 of the Dungeon.
You visited 1 branch of the dungeon, and saw 1 of its levels.

You collected 28 gold pieces.

Inventory:

Missiles
 d - 3 javelins
Armour
 a - a +0 robe (worn)
Potions
 b - a potion of magic


   Skills:
 + Level 2.4 Fighting
 - Level 1.5 Dodging
 - Level 1.5 Stealth
 + Level 1.5 Spellcasting
 - Level 1.0 Conjurations
 - Level 2.4 Air Magic


You had 3 spell levels left.
You knew the following spells:

 Your Spells              Type           Power      Damage    Failure   Level
a - Shock                 Conj/Air       24%        1d4       12%         1

Your spell library contained the following spells:

 Spells                   Type           Power      Damage    Failure   Level
 Static Discharge         Conj/Air       6%         3-4/arc   17%         2
 Swiftness                Air            8%         N/A       26%         3
 Airstrike                Air            4%         2d(1-17)  65%         4


Dungeon Overview and Level Annotations

Branches:
Dungeon (1/15)

Altars:


Message History

The kobold is severely wounded.
You feel sick. The kobold misses you.
You closely miss the kobold. Your punch misses the kobold.
The kobold is severely wounded.
You feel sick. The kobold misses you.
You closely miss the kobold.
The kobold is severely wounded.
You feel sick. The kobold completely misses you.
You miss the kobold.
The kobold is severely wounded.
You feel sick.
You are no longer poisoned.
The kobold hits you with a +2 dagger of venom.
You are lethally poisoned!
It was a potion of curing.
You feel better.
The kobold hits you with a +2 dagger of venom.
You are lethally poisoned!
You are too injured to fight recklessly!
You barely miss the kobold.
The kobold is severely wounded.
* * * LOW HITPOINT WARNING * * *
You feel very sick. The kobold closely misses you.
You barely miss the kobold.
The kobold is severely wounded.
* * * LOW HITPOINT WARNING * * *
You feel sick.
The kobold hits you with a +2 dagger of venom.
* * * LOW HITPOINT WARNING * * *
You are more poisoned.
Unknown command.
Okay, then.
Unknown command.
You aren't carrying any scrolls.
You barely miss the kobold.
The kobold is severely wounded.
* * * LOW HITPOINT WARNING * * *
You feel very sick.
The kobold hits you with a +2 dagger of venom.
You die...

########K.....#
#......#
#......#
####.###
######### #.#
#.......# #.#
##...8.8.###.#
#.........##K#
#........8##@#
#.#..###..##.#
#.#..#l#...#.#
#.#..#w#..8#.#
#.#..#a#....)#
#.#..#r#..8###
#.#..#c#...#
#<#..###..##
###......8#


You could see a kobold.

Vanquished Creatures
  3 hobgoblins (D:1)
  2 jackals (D:1)
  2 kobolds (D:1)
  A ball python (D:1)
  2 bats (D:1)
  2 frilled lizards (D:1)
12 creatures vanquished.

Notes
Turn   | Place    | Note
-------+----------+-------------------------------------------
     0 | D:1      | 27heaven the Hill Orc Air Elementalist began the quest for
                  | the Orb.
     0 | D:1      | Reached XP level 1. HP: 14/14 MP: 3/3
     0 | D:1      | Upgraded the game from 0.29-a0-1023-g6ae1a4a2c7 to
                  | 0.29-a0-1027-gcd8c55af63
     6 | D:1      | Noticed a komodo dragon
     6 | D:1      | Noticed a tyrant leech
     6 | D:1      | Noticed a servant of whispers
     6 | D:1      | Noticed a hell rat
     6 | D:1      | Noticed a yaktaur captain
    81 | D:1      | Reached skill level 1 in Fighting
   233 | D:1      | Reached XP level 2. HP: 6/24 MP: 0/4
   817 | D:1      | HP: 1/25 [poisoned by a kobold]
   817 | D:1      | Slain by a kobold

Illustrated notes

Levels and vault maps discovered:
D:1:      onia_arrival_zoo_common, layout_basic, minmay_distorted

Skill      XL: |  1 |
---------------+----+-----
Fighting       | 2 |  2.4
Dodging        | |  1.5
Stealth        | |  1.5
Spellcasting   | |  1.5
Conjurations   | |  1.0
Air Magic      | |  2.4

Action                   || total
-------------------------++-------
Melee: Unarmed           ||    35
 Cast: Shock             ||    27
  Use: Potion            ||     1
Armor: Robe              ||     5
Dodge: Dodged            ||    46

Table legend: (Time is in decaauts)
 A = Elapsed time spent in this place.
 B = Non-inter-level travel time spent in this place.
 C = Inter-level travel time spent in this place.
 D = Time resting spent in this place.
 E = Time spent auto-exploring this place.
 F = Levels seen in this place.
 G = Mean time per level.
                   A        B        C        D        E       F      G
               +--------+--------+--------+--------+--------+-----+--------+
         Total |    817 |    817 |      0 |    504 |     28 |   1 |  817.0 |
       Dungeon |    817 |    817 |      0 |    504 |     28 |   1 |  817.0 |
               +--------+--------+--------+--------+--------+-----+--------+

Top non-repeatable levels by time:
     D:1: 817 daAuts
